 Dungeon Crawl Stone Soup version 0.25-a0-24-g72dcfe0359 (webtiles) character file.

Game seed: 18155836277273788388, levelgen mode: deterministic

2813 Gynju the Thaumaturge (level 9, -8/45 HPs)
             Began as a Deep Elf Fire Elementalist on Oct 17, 2019.
             Was a Believer of Vehumet.
             Mangled by a shadow (15 damage)
             ... on level 7 of the Dungeon.
             The game lasted 00:19:50 (9663 turns).

Gynju the Thaumaturge (Deep Elf Fire Elementalist)  Turns: 9663, Time: 00:19:51

Health: -8/45      AC:  5    Str:  5    XL:     9   Next: 44%
Magic:  10/23      EV: 20    Int: 32    God:    Vehumet [**....]
Gold:   518        SH: 11    Dex: 15    Spells: 11/25 levels left

rFire    x . .     SeeInvis .   x - +2 trident (pain)
rCold    . . .     Gourm    .   y - +0 buckler
rNeg     . . .     Faith    .   a - +0 robe
rPois    +         Spirit   .   o - +0 helmet of Nemelex Xobeh's Hatred {rPois rF- Int+8}
rElec    .         Reflect  +   d - scarf {cloud immunity}
rCorr    .         Harm     .   C - +0 pair of gloves
MR       .....                  w - +0 pair of boots
Stlth    ++........             u - +6 amulet of reflection
HPRegen  0.15/turn              (no ring)
MPRegen  0.18/turn              j - +3 ring of evasion

@: no status effects
A: no striking features
a: Renounce Religion


You were on level 7 of the Dungeon.
You worshipped Vehumet.
Vehumet was pleased with you.
You were hungry.

You visited 2 branches of the dungeon, and saw 8 of its levels.

You collected 518 gold pieces.

Inventory:

Hand Weapons
 b - a +2 short sword of venom
 x - a +2 trident of pain (weapon)
Armour
 a - a +0 robe (worn)
 d - a scarf of cloud immunity (worn)
 n - a +0 cloak
 o - the +0 helmet of Nemelex Xobeh's Hatred (worn) {rPois rF- Int+8}
   (You took it off Robin on level 1 of the Dungeon)

   It affects your intelligence (+8).
   It makes you vulnerable to fire.
   It protects you from poison.
 w - a +0 pair of boots (worn)
 y - a +0 buckler (worn)
 C - a +0 pair of gloves (worn)
Jewellery
 j - a +3 ring of evasion (right hand)
 u - a +6 amulet of reflection (around neck)
 H - an uncursed amulet of guardian spirit {unknown}
Wands
 r - a wand of acid (15)
 A - a wand of flame (24)
Scrolls
 e - 5 scrolls of fear
 f - 5 scrolls of remove curse {@r2}
 i - 9 scrolls of teleportation
 q - 2 scrolls of immolation {unknown}
 t - 2 scrolls of blinking
 v - a scroll of fog {unknown}
 E - 4 scrolls of identify {@r1}
 F - 2 scrolls of enchant armour {unknown}
 G - 3 scrolls of amnesia
Potions
 g - 2 potions of curing {unknown}
 h - a potion of might {unknown}
 k - 3 potions of ambrosia
 l - 2 potions of lignification
 m - a potion of brilliance {unknown}
 p - a potion of degeneration {unknown}
 s - 2 potions of mutation
 z - 2 potions of haste {unknown}
 B - a potion of heal wounds {unknown}
 D - 2 potions of flight {unknown}
Comestibles
 c - 9 rations


   Skills:
 + Level 7.7 Dodging
 - Level 2.4 Stealth
 + Level 3.5 Shields
 + Level 8.6 Spellcasting
 + Level 6.6 Conjurations
 + Level 7.4 Fire Magic


You had 11 spell levels left.
You knew the following spells:

 Your Spells              Type           Power        Failure   Level  Hunger
a - Flame Tongue          Conj/Fire      #####        1%          1    None
b - Throw Flame           Conj/Fire      ######       1%          2    None
c - Conjure Flame         Conj/Fire      ######..     1%          3    None
d - Confuse               Hex            ##......     11%         3    None
e - Fireball              Conj/Fire      ######....   5%          5    ####...

Your spell library contained the following spells:

 Spells                   Type           Power        Failure   Level  Hunger
 Magic Dart               Conj           ####         1%          1    None
 Sticky Flame             Conj/Fire      ######..     1%          4    None
 Inner Flame              Hex/Fire       #####...     2%          3    None
 Confusing Touch          Hex            ##....       3%          1    None
 Summon Small Mammal      Summ           ##..         3%          1    None
 Call Imp                 Summ           ##......     5%          2    None
 Call Canine Familiar     Summ           ##......     11%         3    None
 Gell's Gravitas          Tloc           ##........   11%         3    None
 Summon Guardian Golem    Hex/Summ       ##......     11%         3    None
 Petrify                  Tmut/Erth      ##......     36%         4    None
 Summon Ice Beast         Ice/Summ       ##......     36%         4    None
 Summon Lightning Spire   Summ/Air       ##......     36%         4    None
 Metabolic Englaciation   Hex/Ice        ##........   71%         5    ####...
 Yara's Violent Unravell  Hex/Tmut       ##........   71%         5    ####...


Dungeon Overview and Level Annotations

Branches:
Dungeon (7/15)             Temple (1/1) D:6

Altars:
Ashenzari
Cheibriados
Dithmenos
Elyvilon
Fedhas
Gozag
Hepliaklqana
Kikubaaqudgha
Nemelex Xobeh
Okawaru
Qazlal
Ru
Sif Muna
Trog
Uskayaw
Vehumet
Xom
Yredelemnul
Zin
The Shining One

Shops:
D:5 %

Annotations:
D:5 3 runed translucent doors, astraldaughter's ghost, novice NaMo; runewalsh's ghost, amateur OpWz
D:7 exclusions: 3 doors and 3 killer bees, Prince Ribbit


Message History

Press: ? - help, Shift-Dir - straight line, f/p - orc
Aim: an orc, wielding a +0 flail and wearing the cursed +0 ring mail of Savviok {rElec rPois} (lightly wounded)
The flame tongue hits the shadow but does no damage.
The shadow is moderately damaged.
The shadow closely misses you.
Casting: Flame Tongue (safe; 1% risk of failure)
Confirm with . or Enter, or press ? or * to list all spells.
Aiming: Flame Tongue (safe; 1% risk of failure)
Press: ? - help, Shift-Dir - straight line, f/p - orc
Aim: an orc, wielding a +0 flail and wearing the cursed +0 ring mail of Savviok {rElec rPois} (lightly wounded)
The flame tongue hits the orc!
You kill the orc!
Vehumet accepts your kill. The shadow hits you.
* * * LOW HITPOINT WARNING * * *
The shadow slips into darkness.
The shadow flickers and vanishes!
Deactivating autopickup; reactivate with Ctrl-A.
The shadow strikes at you from the darkness!
You die...

#......(.###..#.# #.......
#........).##..# #.......
#...........###..# #.......
###########..####... #......#
#...............###..# #..)...#
#.................###. #......#
#...........#.......### #......#
...########'#.........####......#
##..............@..........######
#.................[......##
#........................#
#........................#
#........................#######
##########'#######..............
#.....# #.............. #.....#
#.............. #.....#
#..............


There were no monsters in sight!

Vanquished Creatures
  A hippogriff (D:7)
  Menkaure (D:7)
  A hungry ghost (D:7)
  A sky beast (D:5)
  2 black bears (D:7)
  An orc warrior (D:7)
  2 ice beasts
  4 ogres
  A phantom (D:4)
  A centaur (D:6)
  2 bullfrogs (D:6)
  A scorpion (D:7)
  A wyvern skeleton (D:4)
  A killer bee (D:7)
  A howler monkey (D:5)
  2 crimson imps
  A gnoll shaman (D:7)
  4 hounds
  4 orc wizards
  A bullfrog skeleton (D:4)
  2 iguanas
  4 orc priests
  2 worker ants (D:4)
  Natasha (twice) (D:2)
  2 killer bee zombies (D:6)
  Robin (D:1)
  9 adders
  7 gnolls
  2 shadow imps
  3 oozes
  3 adder skeletons
  5 worms
  5 dart slugs
  3 leopard geckos
  30 orcs
  10 bats
  6 giant cockroaches
  6 hobgoblins
  9 jackals
  5 quokkas
  A ball python (D:5)
  5 frilled lizards
  22 goblins
  12 kobolds
  A quokka skeleton (D:4)
  9 rats
199 creatures vanquished.

Vanquished Creatures (others)
  3 plants (D:4)
3 creatures vanquished.

Grand Total: 202 creatures vanquished

Notes
Turn   | Place    | Note
-------+----------+-------------------------------------------
     0 | D:1      | Gynju the Deep Elf Fire Elementalist began the quest for
                  | the Orb.
     0 | D:1      | Reached XP level 1. HP: 10/10 MP: 6/6
    70 | D:1      | Reached XP level 2. HP: 15/15 MP: 1/8
   508 | D:1      | Reached XP level 3. HP: 19/19 MP: 7/10
   512 | D:1      | Learned a level 2 spell: Throw Flame
   516 | D:1      | Learned a level 3 spell: Conjure Flame
  1613 | D:2      | Reached skill level 4 in Spellcasting
  1644 | D:2      | Reached XP level 4. HP: 24/24 MP: 6/12
  2057 | D:2      | Identified the +0 helmet of Nemelex Xobeh's Hatred {rPois
                  | rF- Int+8}
  2057 | D:2      | Noticed Robin
  2063 | D:2      | Learned a level 3 spell: Confuse
  2299 | D:1      | Killed Robin
  2583 | D:2      | Found a shattered altar of Ashenzari.
  2585 | D:2      | Noticed Natasha
  2592 | D:2      | Killed Natasha
  2592 | D:2      | Reached XP level 5. HP: 18/28 MP: 8/13
  2787 | D:2      | Noticed Natasha
  3745 | D:2      | Killed Natasha
  4015 | D:4      | Reached skill level 5 in Spellcasting
  4015 | D:4      | Reached XP level 6. HP: 26/32 MP: 8/15
  4394 | D:4      | Reached skill level 5 in Fire Magic
  4588 | D:4      | Reached skill level 5 in Dodging
  4588 | D:4      | Reached XP level 7. HP: 36/36 MP: 8/17
  4858 | D:4      | Reached skill level 6 in Spellcasting
  5237 | D:4      | You fall into a shaft and drop 3 floors!
  5476 | D:6      | Found a sacrificial altar of Ru.
  5737 | D:6      | Found a staircase to the Ecumenical Temple.
  5829 | Temple   | Entered the Ecumenical Temple
  6048 | Temple   | Became a worshipper of Vehumet
  6100 | D:5      | Entered Level 5 of the Dungeon
  6463 | D:5      | Reached skill level 1 in Shields
  6551 | D:5      | Found Asuud's Food Boutique.
  6641 | D:5      | Reached XP level 8. HP: 41/41 MP: 10/19
  6664 | D:5      | Reached skill level 5 in Conjurations
  7143 | D:5      | Reached skill level 7 in Spellcasting
  7696 | D:5      | Found a runed translucent gate.
  7696 | D:5      | Found a runed translucent gate.
  7696 | D:5      | Found a runed translucent gate.
  7700 | D:5      | Noticed astraldaughter's ghost (novice NaMo)
  7700 | D:5      | Noticed runewalsh's ghost (amateur OpWz)
  7824 | D:6      | Reached * piety under Vehumet
  7824 | D:6      | Offered knowledge of Magic Dart by Vehumet.
  8556 | D:7      | Learned a level 5 spell: Fireball
  8558 | D:7      | Noticed Prince Ribbit
  8626 | D:7      | Reached XP level 9. HP: 45/45 MP: 15/22
  8939 | D:7      | Noticed Menkaure
  8955 | D:7      | Reached skill level 8 in Spellcasting
  9308 | D:7      | Killed Menkaure
  9536 | D:7      | Reached ** piety under Vehumet
  9599 | D:7      | Found the -2 hat of the Alchemist {rElec rPois rF+ rC+ rN+
                  | MR+ rMut rCorr}
  9624 | D:7      | Found the +3 hat of Pondering {ponderous, MR+ MP+10 Int+5}
  9626 | D:7      | Identified the cursed +0 ring mail of Savviok {rElec rPois}
  9663 | D:7      | Mangled by a shadow

Levels and vault maps discovered:
D:1:      minmay_arrival_checkered_box, layout_basic, nrook_mini_backslash
D:2:      layout_loops_cross, ashenzari_altar_1, uniq_natasha, uniq_robin
D:3:      layout_basic, first_ration
D:4:      layout_loops_ring, serial_bayou, serial_bayou_pond_c,
          serial_bayou_lagoon_a, serial_bayou_pond_c, serial_bayou_pond_d,
          serial_bayou_shore_a, serial_bayou_pond_e, minmay_misc_feat_plants
D:5:      layout_basic, serial_shops, shop, gammafunk_ghost_cemetery
D:6:      layout_layer_cave, nicolae_ru_awakened_eye, minmay_temple_entry_ruins,
          chequers_serial_rivers_micro_c, minmay_fractal_squares_5
D:7:      minmay_the_grid_triangle_9x9_recursive_2
          [minmay_the_grid_triangle_9x9_prize_insulated,
          minmay_the_grid_triangle_9x9_wacky_v,
          minmay_the_grid_triangle_9x9_checkered,
          minmay_the_grid_triangle_9x9_cache], layout_gridville, uniq_menkaure,
          uniq_prince_ribbit1
Temple:   dpeg_five_rooms_temple

Skill      XL: |  1  2  3  4  5  6  7  8  9 |
---------------+----------------------------+-----
Dodging        | 3 4 5 7 |  7.7
Conjurations   | 2 3 4 6 |  6.6
Spellcasting   | 4 5 6 7 8 |  8.6
Fire Magic     | 4 5 6 7 |  7.4
Shields        | 1 2 3 |  3.5
Stealth        | |  2.4

Action                   |  1- 3 |  4- 6 |  7- 9 || total
-------------------------+-------+-------+-------++-------
Melee: Unarmed           |     4 |       |       ||     4
       Dagger            |       |     2 |       ||     2
       Short sword       |       |     1 |       ||     1
       Trident           |       |       |    69 ||    69
 Cast: Flame Tongue      |    67 |   147 |   228 ||   442
       Throw Flame       |       |     6 |    28 ||    34
       Confuse           |       |     2 |       ||     2
       Conjure Flame     |       |     3 |    10 ||    13
  Use: Scroll            |       |     8 |     2 ||    10
 Stab: Sleeping          |     1 |       |     1 ||     2
  Eat: Chunk             |     2 |     9 |    16 ||    27
Armor: Robe              |     6 |    12 |    17 ||    35
Dodge: Dodged            |    20 |    44 |    84 ||   148
Block: Other             |       |     3 |     1 ||     4
       Buckler           |       |       |    65 ||    65
       Reflection        |       |       |     3 ||     3

Table legend:
 A = Non-vault XP
 B = Vault XP
 C = Vault XP percentage of total XP
 D = Non-vault monster count
 E = Vault monster count
 F = Vault count percentage of total count
                 A         B        C        D         E       F
            +---------+---------+-------+---------+---------+-------
      Total |    3170 |     849 |  21.1 |     178 |      21 |  10.6
            +---------+---------+-------+---------+---------+-------
        D:1 |      66 |      16 |  19.5 |      32 |       1 |   3.0
        D:2 |     113 |      56 |  33.1 |      21 |      13 |  38.2
        D:3 |      78 |       0 |   0.0 |      23 |       0 |   0.0
        D:4 |     784 |       0 |   0.0 |      43 |       0 |   0.0
        D:5 |     817 |       0 |   0.0 |      22 |       0 |   0.0
        D:6 |     572 |     245 |  30.0 |      19 |       4 |  17.4
        D:7 |     740 |     532 |  41.8 |      18 |       3 |  14.3
            +---------+---------+-------+---------+---------+-------
